 Dungeon Crawl Stone Soup version 0.29-a0-371-g91724d5b39 (webtiles) character file.

Game seed: 18003900336209993118

17123 jaega1 the Severer (level 12, -4/90 HPs)
             Began as a Hill Orc Fighter on May 2, 2022.
             Was a High Priest of Cheibriados.
             Slain by Jorgrun
             ... wielding a staff of earth
              (11 damage)
             ... on level 2 of the Orcish Mines.
             The game lasted 00:47:15 (13590 turns).

jaega1 the Severer (Hill Orc Fighter)              Turns: 13590, Time: 00:47:15

Health: -4/90      AC: 21    Str: 32    XL:     12   Next: 44%
Magic:  7/17       EV: 10    Int: 22    God:    Cheibriados [*****.]
Gold:   642        SH:  6    Dex: 24    Spells: 11/15 levels left

rFire   . . .      SeeInvis +   a - +2 war axe (protect)
rCold   + + +      Faith    .   c - +0 buckler
rNeg    + + .      Spirit   .   D - +0 plate armour
rPois   .          Reflect  .   i - +1 helmet
rElec   .          Harm     .   g - scarf {shadows}
rCorr   .          Rampage  .   H - +1 pair of gloves
Will    .....                   f - +0 pair of boots
Stlth   ..........              l - amulet of regeneration
HPRegen 1.05/turn               p - ring of wizardry
MPRegen 0.15/turn               t - ring "Kubruuho" {*Slow Fly rC+++ rN++ SInv}

@: grasped by roots, flying, constricted, very slow
A: no striking features
a: Renounce Religion, Bend Time, Temporal Distortion, Slouch, Step From Time


You were on level 2 of the Orcish Mines.
You worshipped Cheibriados.
Cheibriados was extremely pleased with you.
You visited 3 branches of the dungeon, and saw 13 of its levels.

You collected 1092 gold pieces.
You spent 450 gold pieces at shops.

Inventory:

Hand Weapons
 a - a +2 war axe of protection (weapon)
 r - a +0 hunting sling
 s - a +5 short sword of flaming
Armour
 b - a +0 scale mail
 c - a +0 buckler (worn)
 f - a +0 pair of boots (worn)
 g - a scarf of shadows (worn)
 i - a +1 helmet (worn)
 D - a +0 plate armour (worn)
 H - a +1 pair of gloves (worn)
Jewellery
 l - an amulet of regeneration (around neck)
 p - a ring of wizardry (left hand)
 t - the ring "Kubruuho" (right hand) {*Slow Fly rC+++ rN++ SInv}
   (You found it on level 5 of the Dungeon)

   [ring of see invisible]

   rC:        It renders you almost immune to cold.
   rN:        It greatly protects you from negative energy.
   SInv:      It lets you see invisible.
   Fly:       It grants you flight.
   *Slow:     It may slow you when you take damage.
 x - a +6 ring of strength
 y - a +4 ring of protection
 z - an amulet of magic regeneration
 C - an amulet of guardian spirit
 E - an amulet of the acrobat
 F - a ring of flight
Wands
 e - a wand of flame (19)
 B - a wand of iceblast (12)
 G - a wand of charming (10)
 L - a wand of polymorph (6)
 M - a wand of paralysis (5)
Scrolls
 h - 2 scrolls of magic mapping
 n - 2 scrolls of vulnerability
 o - 4 scrolls of teleportation
 u - 3 scrolls of blinking
 v - a scroll of enchant weapon
 w - a scroll of brand weapon
 A - 2 scrolls of fog
 J - a scroll of amnesia
 K - a scroll of enchant armour
 O - a scroll of acquirement {unknown}
Potions
 d - 3 potions of might
 j - 3 potions of lignification
 k - 2 potions of invisibility
 m - a potion of curing
 q - 2 potions of berserk rage
 I - a potion of attraction
 N - a potion of ambrosia {unknown}


   Skills:
 - Level 3.6 Fighting
 - Level 16.0 Axes
 - Level 11.0 Armour
 + Level 7.2 Dodging
 - Level 3.2 Shields
 - Level 2.0 Spellcasting
 * Level 4.6 Transmutations
 - Level 5.0 Earth Magic
 - Level 7.1 Invocations


You had 11 spell levels left.
You knew the following spells:

 Your Spells              Type           Power      Damage    Failure   Level
a - Passwall              Tmut/Erth      19%        N/A       9%          2
b - Blink                 Tloc           4%         N/A       52%         2

Your spell library contained the following spells:

 Spells                   Type           Power      Damage    Failure   Level
 Slow                     Hex            8%         N/A       38%         1
 Confusing Touch          Hex            2%         N/A       75%         3
 Frozen Ramparts          Ice            4%         1d2       75%         3
 Inner Flame              Hex/Fire       2%         N/A       75%         3
 Lesser Beckoning         Tloc           2%         N/A       75%         3
 Portal Projectile        Hex/Tloc       4%         N/A       75%         3
 Vampiric Draining        Necr           2%         2d6       75%         3
 Ice Form                 Ice/Tmut       12%        N/A       82%         4
 Summon Ice Beast         Ice/Summ       2%         N/A       98%         4
 Borgnjor's Vile Clutch   Necr/Erth      6%         N/A       98%         5
 Manifold Assault         Tloc           2%         N/A       100%        5


Dungeon Overview and Level Annotations

Branches:
Dungeon (10/15)            Temple (0/1) D:5            Lair (1/6) D:9
    Orc (2/2) D:10            Elf (0/3) Orc:2

Altars:
Ashenzari
Cheibriados
Dithmenos
Kikubaaqudgha
Wu Jian
Yredelemnul

Shops:
D:8 (   D:9 !   Orc:1 *:((

Annotations:
Orc:2 exclusion: oklob plant, Jorgrun


Message History

The warg is heavily wounded.
The warg barely misses you.
You slash the warg!
The warg is almost dead.
The warg barely misses you.
Jorgrun gestures next to you while chanting.
Some rock shatters into small pieces.
The grasping roots constrict you.
You slice the warg!!
You kill the warg!
Cheibriados thoroughly appreciates the change of pace.
The grasping roots constrict you!
You hit Jorgrun but do no damage.
Jorgrun points at you and mumbles some strange words.
The iron shot hits you!! The grasping roots constrict you.
You barely miss Jorgrun.
Jorgrun points at you and mumbles some strange words.
The iron shot hits you!!!
* * * LOW HITPOINT WARNING * * *
The grasping roots constrict you.
* * * LOW HITPOINT WARNING * * *
Okay, then.
You feel better. Jorgrun gestures at you while chanting.
You struggle to resist.
The grasping roots constrict you.
* * * LOW HITPOINT WARNING * * *
Unknown command.
You block Jorgrun's attack. The grasping roots constrict you.
* * * LOW HITPOINT WARNING * * *
Activating: Slouch (9% risk of failure)
Press: ? - help, Dir - look around, f - activate You can feel time thicken for a moment.
Cheibriados lowers the support of your attributes as your movement quickens.
You block Jorgrun's attack. The grasping roots constrict you.
You feel better. Jorgrun hits you but does no damage.
The grasping roots constrict you!
* * * LOW HITPOINT WARNING * * *
Activating: Slouch (9% risk of failure)
Press: ? - help, Dir - look around, f - activate You can feel time thicken for a moment.
Jorgrun hits you with a staff of earth!
You die...

..... ####..... ##........
#......... ##........ #.........
#######.....#.####.
#...........####... ###
##@g......##.... ..##
###.##.)....#...... ...#
######....###........... .#.##
##.##.#...##.....).......
....###.........#............##
...##.##.##.....#..###........#
.......#.#.........#..........##
)).)..............###...)......#
.)))..............##..........###


You could see Jorgrun.

Vanquished Creatures
  Snorg (Orc:1)
  Josephine (Orc:2)
  A two-headed ogre (Orc:2)
  Erica (D:9)
  2 orc knights (Orc:1)
  Pikel (D:6)
  3 trolls
  A hornet (D:9)
  Prince Ribbit (D:5)
  Grinder (D:5)
  Sigmund (D:4)
  A shadow (D:10)
  6 yaks
  5 wraiths (Orc:2)
  A wyvern (D:7)
  Menkaure (D:6)
  2 wargs
  An acid dragon (D:9)
  A water moccasin (D:7)
  Duvessa (D:4)
  11 orc warriors
  A black bear (D:5)
  4 centaurs
  A lemure (D:6)
  12 ogres
  A kobold brigand (D:8)
  A bullfrog (D:6)
  2 gnoll sergeants (D:7)
  2 necrophages
  2 scorpions
  9 wights
  Dowan (D:4)
  20 killer bees
  3 howler monkeys
  A gnoll shaman (D:5)
  3 jellies
  4 hounds
  9 orc priests
  Ijyb (D:5)
  5 iguanas
  18 orc wizards
  15 gnolls
  7 adders
  2 shadow imps
  2 ufetubi (D:6)
  A worm (D:3)
  2 dart slugs
  46 orcs
  5 ball pythons
  5 giant cockroaches
  5 hobgoblins
  3 jackals (D:1)
  16 kobolds
  7 quokkas
  4 bats
  3 frilled lizards
  6 goblins
  4 rats
277 creatures vanquished.

Notes
Turn   | Place    | Note
-------+----------+-------------------------------------------
     0 | D:1      | jaega1 the Hill Orc Fighter began the quest for the Orb.
     0 | D:1      | Reached XP level 1. HP: 19/19 MP: 1/1
    88 | D:1      | Reached skill level 3 in Axes
   101 | D:1      | Reached XP level 2. HP: 12/26 MP: 2/2
   401 | D:1      | Reached skill level 4 in Axes
   825 | D:1      | Found a faded altar of an unknown god.
   832 | D:1      | Prayed at the altar of an unknown god.
   832 | D:1      | Became a worshipper of Cheibriados the Contemplative
   832 | D:1      | Reached * piety under Cheibriados
  1435 | D:2      | Reached XP level 3. HP: 31/31 MP: 3/3
  1682 | D:2      | Reached skill level 5 in Axes
  2156 | D:3      | Reached XP level 4. HP: 36/39 MP: 4/4
  2171 | D:3      | Reached skill level 6 in Axes
  2171 | D:3      | Reached ** piety under Cheibriados
  2733 | D:3      | Reached XP level 5. HP: 10/45 MP: 5/5
  3650 | D:4      | Reached skill level 7 in Axes
  3793 | D:4      | Got Sif Muna's Disquisition on Ashen Execration
  3846 | D:4      | Reached *** piety under Cheibriados
  3885 | D:4      | Noticed Sigmund
  3925 | D:4      | Killed Sigmund
  3926 | D:4      | Reached skill level 9 in Axes
  3926 | D:4      | Reached XP level 6. HP: 30/51 MP: 6/6
  4285 | D:5      | Entered Level 5 of the Dungeon
  4458 | D:5      | Noticed Ijyb
  4463 | D:5      | Killed Ijyb
  4464 | D:5      | Reached XP level 7. HP: 55/57 MP: 7/7
  4508 | D:5      | Noticed Grinder
  4509 | D:5      | Paralysed by Grinder for 7 turns
  4525 | D:5      | Paralysed by Grinder for 2 turns
  4528 | D:5      | Killed Grinder
  4529 | D:5      | Reached skill level 10 in Axes
  4627 | D:5      | Noticed Duvessa
  4627 | D:5      | Noticed Dowan
  4647 | D:4      | Killed Duvessa
  4648 | D:4      | Reached skill level 11 in Axes
  4649 | D:4      | Killed Dowan
  4926 | D:5      | Identified the ring "Kubruuho" {*Slow Fly rC+++ rN++ SInv}
  4945 | D:5      | Noticed Prince Ribbit
  4952 | D:5      | Killed Prince Ribbit
  4953 | D:5      | Reached skill level 12 in Axes
  4953 | D:5      | Reached XP level 8. HP: 41/64 MP: 8/8
  5185 | D:5      | Found a staircase to the Ecumenical Temple.
  5268 | D:5      | Reached **** piety under Cheibriados
  5272 | D:5      | Reached skill level 5 in Armour
  5475 | D:5      | Learned a level 2 spell: Passwall
  5831 | D:5      | Found an ancient bone altar of Kikubaaqudgha.
  6378 | D:6      | Reached skill level 1 in Transmutations
  6468 | D:6      | Reached skill level 1 in Invocations
  6549 | D:6      | Noticed Menkaure
  6554 | D:6      | Killed Menkaure
  6555 | D:6      | Reached XP level 9. HP: 39/70 MP: 8/10
  6824 | D:6      | Noticed Pikel
  6833 | D:6      | Killed Pikel
  7426 | D:7      | Reached skill level 5 in Invocations
  8581 | D:7      | Found a basalt altar of Yredelemnul.
  8839 | D:7      | Found a broken altar of Ashenzari.
  8923 | D:7      | Reached skill level 5 in Earth Magic
  8924 | D:7      | Reached ***** piety under Cheibriados
  9060 | D:8      | Reached XP level 10. HP: 66/77 MP: 15/15
  9077 | D:8      | Reached skill level 13 in Axes
  9212 | D:8      | Reached XP level 11. HP: 82/82 MP: 16/16
  9350 | D:8      | Found a shadowy altar of Dithmenos.
  9445 | D:8      | Found Kemnois's Weapon Emporium.
  9639 | D:9      | Noticed Erica
  9686 | D:9      | Killed Erica
  9687 | D:9      | Reached skill level 14 in Axes
  9857 | D:9      | Found Odweocho's Distillery.
 10707 | D:9      | Reached skill level 15 in Axes
 10847 | D:9      | Found a staircase to the Lair.
 11051 | Lair:1   | Entered Level 1 of the Lair of Beasts
 11051 | Lair:1   | Noticed a four-headed hydra
 11069 | D:10     | Entered Level 10 of the Dungeon
 11488 | D:10     | Reached skill level 16 in Axes
 11660 | D:10     | Found a staircase to the Orcish Mines.
 11938 | D:10     | Reached skill level 10 in Armour
 12090 | Orc:1    | Entered Level 1 of the Orcish Mines
 12135 | Orc:1    | Found Ruyzoveo's Assorted Antiques.
 12138 | Orc:1    | Bought a black potion for 34 gold pieces
 12233 | Orc:1    | Reached ****** piety under Cheibriados
 12268 | Orc:1    | Found an ornate altar of the Wu Jian Council.
 12269 | Orc:1    | Found a transporter.
 12275 | Orc:1    | Reached skill level 1 in Spellcasting
 12282 | Orc:1    | Found a transporter.
 12304 | Orc:1    | Noticed an orc knight
 12304 | Orc:1    | Noticed an orc knight
 12319 | Orc:1    | Killed an orc knight
 12320 | Orc:1    | Found a transporter.
 12341 | Orc:1    | Noticed an orc warlord
 12341 | Orc:1    | Found an ornate altar of the Wu Jian Council.
 12341 | Orc:1    | Found a transporter.
 12460 | Orc:1    | Killed an orc knight
 12461 | Orc:1    | Reached XP level 12. HP: 83/90 MP: 17/17
 12488 | Orc:1    | Noticed Snorg
 12507 | Orc:1    | Killed Snorg
 12546 | Orc:1    | Found Jueteps's Antique Weapon Shoppe.
 12669 | Orc:1    | Found Vamijak's Book Shop.
 12677 | Orc:1    | Bought a book of Spatial Translocations for 416 gold pieces
 12680 | Orc:1    | Learned a level 2 spell: Blink
 12860 | Orc:1    | Found Orudebegy's Antique Weapon Emporium.
 13039 | Orc:2    | Entered Level 2 of the Orcish Mines
 13087 | Orc:2    | Noticed a two-headed ogre
 13098 | Orc:2    | Killed a two-headed ogre
 13215 | Orc:2    | Noticed Josephine
 13234 | Orc:2    | Killed Josephine
 13341 | Orc:2    | Found a staircase to the Elven Halls.
 13574 | Orc:2    | Noticed an orc high priest
 13575 | Orc:2    | Noticed Jorgrun
 13585 | Orc:2    | HP: 4/90 [Jorgrun/iron shot (37)]
 13585 | Orc:2    | HP: 1/90 [constriction (3)]
 13590 | Orc:2    | Slain by Jorgrun

Illustrated notes

Levels and vault maps discovered:
D:1:      dpeg_arrival_signposts, layout_basic,
          dilly_ecumenical_altar_fadedgnrine
D:2:      layout_basic
D:3:      layout_loops_corners, hangedman_abyss_or_decor_lesser_grid
D:4:      layout_gridville, hangedman_decor_growths, dk_noncrumbling_3,
          minmay_cupped, uniq_sigmund
D:5:      layout_loops_corners, mainiacjoe_overflow_alcove_4,
          minmay_temple_entry_junction, lemuel_old_faithful, uniq_duvessa,
          uniq_prince_ribbit1, uniq_ijyb, uniq_grinder
D:6:      layout_layer_cave, due_unseen_surprise, uniq_pikel, uniq_menkaure
D:7:      layout_basic, mainiacjoe_overflow_alcove_1, overflow_temple_1_default
D:8:      layout_rooms, mainiacjoe_overflow_catwalk, serial_shops,
          nicolae_shop_waterfront
D:9:      layout_long_grid, lair_entry_dummy, serial_shops, shop,
          kennysheep_generic_room_2, uniq_erica
D:10:     layout_basic, david_orc_2
Lair:1:   beast_lair_carwin_large_1, layout_gridlike, lemuel_fruit_fields
Orc:1:    dreamdust_wu_jian_sword_trials, layout_diamond_mine, serial_shops,
          nicolae_shop_statue_plus, nicolae_shop_waterfront, shop,
          nicolae_shop_behind_doors, guppyfry_library_mini, uniq_snorg
Orc:2:    st_orc_ogre_mass, layout_diamond_mine, basic_altar, mines3_lemuel,
          uniq_jorgrun, uniq_urug, uniq_josephine

Skill      XL: |  1  2  3  4  5  6  7  8  9 10 11 12 |
---------------+-------------------------------------+-----
Axes           | 3 4 5 6 9 12 13 16 | 16.0
Armour         | 7 9 10 11 | 11.0
Transmutations | 1 4 |  4.6
Invocations    | 2 7 |  7.1
Earth Magic    | 5 |  5.0
Dodging        | 7 |  7.2
Spellcasting   | 2 |  2.0
Fighting       | |  3.6
Shields        | |  3.2

Action                   |  1- 3 |  4- 6 |  7- 9 | 10-12 || total
-------------------------+-------+-------+-------+-------++-------
Melee: War axe           |    84 |   126 |   283 |   444 ||   937
 Cast: Passwall          |       |       |       |     5 ||     5
Invok: Slouch            |       |       |       |     6 ||     6
       Temporal Distorti |       |       |       |     1 ||     1
Evoke: Wand              |       |       |       |     3 ||     3
  Use: Scroll            |       |     9 |       |    16 ||    25
       Potion            |       |     1 |     1 |     3 ||     5
Armor: Scale mail        |    39 |    57 |   142 |    20 ||   258
       Plate armour      |       |       |       |   158 ||   158
Dodge: Dodged            |    36 |    51 |   118 |   203 ||   408
Block: Buckler           |    20 |    26 |    72 |   149 ||   267

Table legend: (Time is in decaauts)
 A = Elapsed time spent in this place.
 B = Non-inter-level travel time spent in this place.
 C = Inter-level travel time spent in this place.
 D = Time resting spent in this place.
 E = Time spent auto-exploring this place.
 F = Levels seen in this place.
 G = Mean time per level.
                   A        B        C        D        E       F      G
               +--------+--------+--------+--------+--------+-----+--------+
         Total |  19700 |  18084 |   1616 |   2905 |  11557 |  13 | 1515.4 |
       Dungeon |  17314 |  15699 |   1615 |   2653 |  10245 |  10 | 1731.4 |
          Lair |      1 |      1 |      0 |      0 |      0 |   1 |    1.0 |
  Orcish Mines |   2384 |   2384 |      0 |    252 |   1311 |   2 | 1192.0 |
               +--------+--------+--------+--------+--------+-----+--------+

Top non-repeatable levels by time:
     D:7: 2425 daAuts
     D:6: 2365 daAuts
     D:5: 2231 daAuts
     D:3: 2007 daAuts
    D:10: 1730 daAuts
   Orc:1: 1615 daAuts
     D:9: 1559 daAuts
     D:4: 1410 daAuts
     D:2: 1279 daAuts
     D:1: 1200 daAuts
     D:8: 1103 daAuts
   Orc:2: 768 daAuts
  Lair:1: 1 daAuts
